Map: Ruins of Seras

Players

Nerchio

  • Race: Zerg Zerg
  • League: Grandmaster

Lilbow - Winner!

  • Race: Protoss Protoss

Event: DreamHack ROCCAT LotV Championship

VOD

Have the link to the VOD?

Description

Time

  • Played on: Nov. 26, 2015, 11:35 a.m.
  • Length: 8:27

All games in this series

Show
View Real Time Build Order
Export as new Build Order

Nerchio Zerg 

Build Orders: Hatch First 

Get SALT Encoding   

  12  0:00  Drone  
  13  0:13  Overlord  
  13  0:17  Drone  
  14  0:31  Drone x2  
  14  0:35  Drone  
  17  0:53  Hatchery  
  17  0:56  Drone  
  17  1:00  Drone  
  17  1:03  Extractor  
  17  1:16  Spawning Pool  
  16  1:19  Drone  
  16  1:23  Drone  
  18  1:29  Drone  
  19  1:39  Overlord  
  19  1:52  Drone  
  20  2:02  Queen  
  20  2:03  Zergling x2  
  20  2:04  Queen  
  25  2:09  Metabolic Boost  
  25  2:14  Drone  
  26  2:17  Drone  
  26  2:19  Drone  
  26  2:22  Drone  
  29  2:27  Evolution Chamber  
  29  2:30  Drone  
  29  2:34  Drone  
  30  2:37  Drone  
  31  2:53  Hatchery  
  31  2:56  Drone  
  31  2:57  Drone x2  
  33  3:02  Overlord  
  33  3:19  Zergling x6  
  36  3:20  Zergling x10  
  36  3:26  Queen  
  43  3:30  Overlord  
  43  3:34  Overlord  
  43  3:48  Drone x6  
  44  3:49  Drone  
  44  3:52  Overlord  
  50  3:58  Drone  
  50  4:00  Extractor  
  50  4:01  Drone  
  51  4:06  Drone  
  51  4:09  Lair  
  52  4:12  Drone  
  52  4:15  Roach Warren  
  52  4:16  Drone  
  53  4:17  Drone  
  53  4:20  Drone  
  53  4:21  Drone  
  53  4:23  Drone  
  56  4:25  Drone  
  56  4:27  Drone  
  56  4:30  Extractor  
  57  4:31  Drone  
  57  4:32  Drone  
  57  4:35  Drone  
  57  4:36  Drone  
  60  4:38  Drone  
  61  4:46  Drone x4  
  61  4:47  Overlord  
  65  4:54  Overlord  
  65  4:56  Drone x2  
  67  5:02  Extractor  
  65  5:08  Roach x6  
  65  5:11  Overlord  
  65  5:13  Glial Reconstitution  
  77  5:16  Overseer  
  77  5:18  Roach x2  
  81  5:22  Overlord  
  81  5:24  Drone x3  
  84  5:28  Overlord  
  84  5:29  Overlord  
  84  5:31  Roach  
  84  5:33  Roach  
  84  5:35  Roach  
  90  5:37  Roach  
  90  5:38  Roach  
  90  5:41  Roach  
  96  5:44  Ravager x2  
  96  5:45  Zergling x6  
  96  5:49  Zergling x2  
  102  5:50  Zergling x4  
  102  5:53  Zergling x2  
  102  5:54  Zergling x4  
  102  5:56  Zergling x4  
  108  5:57  Zergling x2  
  108  5:58  Zergling x2  
  108  5:59  Zergling x2  
  107  6:09  Zergling x4  
  107  6:11  Zergling x2  
  109  6:18  Zergling x4  
  110  6:19  Zergling x2  
  110  6:21  Spire, Extractor  
  110  6:22  Extractor, Zergling x6  
  109  6:30  Overlord  
  109  6:31  Overlord  
  109  6:32  Overlord x3  
  106  6:34  Overlord  
  106  6:41  Overlord  
  106  6:43  Overlord x2  
  107  6:50  Ravager x2  
  107  6:51  Ravager x5  
  107  6:52  Zergling x2  
  115  6:56  Zergling x4  
  116  7:02  Zergling x2  
  116  7:06  Zergling x4  
  112  7:10  Zergling x2  
  112  7:11  Zergling x2  
  112  7:12  Zergling x4  
  112  7:13  Queen x2  
  120  7:19  Zergling x4  
  112  7:23  Zergling x2  
  112  7:26  Zergling x2  
  112  7:28  Zergling x2  
  101  7:33  Zergling x2  
  84  7:37  Roach  
  84  7:38  Roach x3  
  84  7:41  Roach  
  84  7:43  Roach  
  87  7:48  Roach  
  87  7:49  Queen x3  
  85  7:52  Roach  
  85  7:56  Roach x2  
  92  7:58  Roach  
  92  7:59  Roach x2  
  92  8:01  Roach  
  96  8:06  Roach  
  96  8:07  Roach x2  
Show
View Real Time Build Order
Export as new Build Order

Lilbow Protoss - Winner!

Build Orders: 1 Gate Expand 

Get SALT Encoding   

  12  0:01  Probe (Chrono Boost)  
  13  0:11  Probe (Chrono Boost)  
  14  0:20  Pylon  
  14  0:23  Probe (Chrono Boost)  
  15  0:39  Gateway, Probe (Chrono Boost)  
  16  0:43  Assimilator  
  16  0:49  Probe (Chrono Boost)  
  17  1:00  Probe (Chrono Boost)  
  18  1:10  Probe (Chrono Boost)  
  19  1:22  Nexus  
  19  1:30  Cybernetics Core  
  19  1:37  Zealot  
  21  1:42  Assimilator  
  21  1:45  Probe (Chrono Boost)  
  22  1:53  Pylon  
  22  1:56  Probe (Chrono Boost)  
  23  2:08  Warp Gate  
  23  2:11  Probe (Chrono Boost), Adept  
  26  2:22  Mothership Core (Chrono Boost)  
  28  2:34  Probe (Chrono Boost)  
  29  2:38  Adept  
  29  2:40  Probe (Chrono Boost)  
  32  2:45  Probe (Chrono Boost)  
  32  2:50  Probe (Chrono Boost)  
  34  2:52  Robotics Facility  
  34  2:55  Probe (Chrono Boost)  
  35  3:01  Probe (Chrono Boost)  
  36  3:06  Probe (Chrono Boost)  
  36  3:11  Adept  
  36  3:12  Probe (Chrono Boost)  
  40  3:16  Probe (Chrono Boost)  
  41  3:22  Probe (Chrono Boost)  
  43  3:27  Probe (Chrono Boost)  
  43  3:33  Probe (Chrono Boost)  
  44  3:36  Pylon  
  44  3:39  Warp Prism (Chrono Boost)  
  46  3:52  Probe  
  46  3:54  Probe  
  48  3:57  Pylon  
  48  4:02  Pylon  
  48  4:03  Probe  
  48  4:06  Probe  
  50  4:12  Immortal (Chrono Boost)  
  50  4:16  Stalker  
  56  4:18  Probe  
  57  4:29  Gateway  
  57  4:30  Probe, Gateway  
  57  4:32  Gateway  
  57  4:34  Probe  
  59  4:40  Probe  
  60  4:46  Immortal (Chrono Boost), Probe  
  60  4:50  Sentry  
  60  4:51  Pylon  
  67  5:02  Gateway  
  67  5:03  Gateway  
  67  5:04  Assimilator  
  67  5:06  Gateway  
  67  5:16  Gateway  
  67  5:28  Pylon  
  67  5:29  Adept x4, Pylon  
  75  5:41  Pylon  
  75  6:11  Stalker x5  
  81  6:12  Stalker x2  
  81  6:13  Stalker  
  87  6:39  Stalker x3  
  93  6:40  Stalker x4  
  93  6:46  Pylon  
  97  7:10  Adept x2  
  97  7:11  Adept x4  
  109  7:22  Stalker x2  
  95  7:32  Stalker, Adept x4  
  95  7:33  Stalker  
  95  7:34  Warp Prism (Chrono Boost)  
  93  7:50  Stalker x2  
  93  7:52  Adept x2  
  93  7:53  Adept x2  
  95  8:15  Stalker x5  
  95  8:16  Zealot  
  95  8:17  Zealot x2  

Tags
 
Add a new tag
Caveats
  • Supply blocks, unpowered buildings, or Contaminate may cause inaccurate times.
  • Supply counts are checked every 10 seconds.